Map: Dusk Towers

Players

AcerBly (Bly) - Winner!

  • Race: Zerg Zerg
  • League: Grandmaster

Harstem

  • Race: Protoss Protoss
  • League: Platinum

Event: Homestory Cup XII

VOD

Have the link to the VOD?

Description

Time

  • Played on: Dec. 18, 2015, 8:13 a.m.
  • Length: 11:16

All games in this series

Show
View Real Time Build Order
Export as new Build Order

AcerBly Zerg - Winner!

Build Orders: Hatch First 

Get SALT Encoding   

  12  0:00  Drone  
  13  0:12  Overlord  
  13  0:17  Drone  
  14  0:30  Drone x2  
  16  0:36  Drone  
  17  0:53  Hatchery  
  16  0:58  Drone  
  17  1:08  Spawning Pool  
  17  1:11  Drone  
  17  1:14  Drone  
  17  1:17  Drone  
  19  1:37  Hatchery  
  18  1:45  Drone  
  19  1:55  Zergling x4  
  21  2:03  Drone  
  21  2:04  Queen  
  21  2:05  Zergling x2  
  25  2:11  Drone  
  26  2:17  Queen  
  28  2:33  Overlord  
  28  2:36  Overlord  
  28  2:54  Drone x3  
  28  2:58  Drone x4  
  33  3:03  Overlord  
  33  3:04  Queen  
  33  3:05  Extractor  
  35  3:06  Extractor  
  35  3:07  Queen  
  35  3:09  Drone  
  36  3:14  Drone x2  
  37  3:22  Drone x4  
  37  3:24  Drone  
  42  3:28  Drone x2  
  42  3:32  Drone  
  45  3:39  Drone  
  46  3:46  Drone  
  46  3:47  Drone  
  48  3:50  Zergling x6  
  48  3:51  Metabolic Boost, Drone  
  48  3:52  Drone  
  53  3:58  Overlord  
  53  4:00  Drone  
  53  4:02  Extractor  
  53  4:05  Drone x2  
  53  4:06  Roach Warren  
  54  4:12  Drone x3  
  54  4:16  Drone x4  
  61  4:18  Overlord  
  59  4:31  Zergling x6  
  59  4:32  Overlord, Zergling x6  
  65  4:41  Overlord, Extractor  
  63  4:46  Roach x2  
  63  4:49  Spine Crawler x2  
  63  4:51  Roach x3  
  63  4:52  Roach  
  72  4:55  Roach  
  73  5:03  Roach x3  
  78  5:12  Roach  
  78  5:13  Roach x3  
  81  5:15  Roach  
  79  5:24  Roach  
  79  5:25  Roach x3  
  85  5:33  Roach x3  
  88  5:40  Roach x3  
  90  5:45  Overlord  
  88  6:02  Roach x2  
  86  6:16  Roach x3  
  89  6:20  Zergling x16  
  97  6:27  Queen  
  95  6:34  Roach  
  95  6:37  Overlord  
  97  6:40  Ravager  
  97  6:41  Overlord x2  
  97  6:47  Queen  
  98  6:51  Overlord  
  98  6:54  Overlord  
  95  6:58  Roach x6  
  97  7:03  Roach x2  
  100  7:12  Roach  
  100  7:13  Roach x2  
  97  7:16  Spine Crawler  
  97  7:22  Lair  
  96  7:29  Roach x3  
  100  7:30  Roach x2  
  94  7:56  Drone x3  
  94  7:57  Drone x8  
  99  8:12  Drone x3  
  96  8:13  Drone x4  
  96  8:17  Overlord  
  96  8:19  Extractor  
  95  8:24  Drone x2  
  96  8:29  Spire  
  96  8:33  Drone x5  
  98  8:39  Drone x2  
  98  8:40  Drone  
  101  8:42  Glial Reconstitution  
  101  8:45  Drone  
  102  8:58  Ravager x3  
  102  8:59  Ravager  
  102  9:00  Zergling x12  
  112  9:07  Drone x3  
  115  9:11  Overlord  
  115  9:12  Extractor  
  114  9:24  Drone x3  
  116  9:36  Hatchery  
  107  9:39  Drone  
  107  9:40  Drone x8  
  107  9:45  Overseer  
  116  9:49  Spore Crawler  
  116  9:51  Spore Crawler  
  110  9:54  Spore Crawler  
  95  10:05  Mutalisk x5  
  86  10:18  Mutalisk x3  
  90  10:23  Overseer  
  90  10:27  Mutalisk x2  
  93  10:32  Drone x3  
  92  10:43  Mutalisk x3  
Show
View Real Time Build Order
Export as new Build Order

Harstem Protoss 

Build Orders: 1 Gate Expand 

Get SALT Encoding   

  12  0:01  Probe (Chrono Boost)  
  13  0:11  Probe (Chrono Boost)  
  14  0:18  Pylon  
  14  0:22  Probe (Chrono Boost)  
  15  0:37  Probe (Chrono Boost), Gateway  
  16  0:47  Probe (Chrono Boost)  
  17  0:51  Assimilator  
  17  0:58  Probe (Chrono Boost)  
  18  1:08  Probe (Chrono Boost)  
  19  1:20  Nexus  
  19  1:31  Cybernetics Core  
  19  1:35  Probe (Chrono Boost)  
  20  1:41  Assimilator  
  20  1:45  Probe (Chrono Boost)  
  21  1:53  Pylon  
  21  1:56  Probe (Chrono Boost)  
  22  2:06  Probe (Chrono Boost)  
  23  2:10  Warp Gate (Chrono Boost)  
  23  2:11  Adept (Chrono Boost)  
  25  2:18  Probe  
  26  2:23  Twilight Council  
  26  2:32  Probe  
  26  2:33  Probe  
  26  2:35  Stalker (Chrono Boost)  
  30  2:44  Probe  
  30  2:45  Probe  
  32  2:54  Resonating Glaives  
  32  2:56  Probe  
  33  3:03  Probe  
  33  3:12  Probe  
  33  3:22  Adept (Chrono Boost)  
  33  3:26  Gateway  
  35  3:29  Gateway  
  35  3:33  Gateway  
  35  3:36  Gateway  
  35  3:43  Probe  
  35  3:44  Probe  
  37  3:50  Pylon  
  37  3:51  Adept  
  39  3:58  Gateway  
  39  3:59  Probe  
  40  4:03  Probe  
  40  4:08  Gateway  
  41  4:11  Probe  
  41  4:15  Probe  
  43  4:23  Probe  
  42  4:32  Adept x5  
  42  4:38  Pylon  
  50  4:48  Pylon  
  50  5:00  Adept x2  
  50  5:01  Adept x3  
  60  5:12  Adept  
  60  5:16  Adept  
  57  5:35  Adept x6  
  63  5:44  Adept  
  63  5:45  Probe x2  
  63  5:48  Pylon  
  67  5:51  Pylon  
  63  5:57  Probe x2  
  63  6:06  Adept x7  
  77  6:11  Probe x2  
  75  6:28  Adept x5  
  81  6:33  Adept x2  
  81  6:39  Pylon  
  85  6:40  Pylon  
  85  6:49  Adept  
  75  7:03  Adept x6  
  77  7:18  Robotics Facility  
  77  7:19  Adept  
  75  7:28  Adept x4  
  75  7:29  Probe  
  78  7:34  Assimilator  
  74  7:38  Assimilator  
  66  7:46  Adept x3  
  72  7:52  Probe  
  65  8:04  Probe  
  54  8:14  Nexus  
  54  8:16  Probe  
  54  8:17  Dark Shrine, Warp Prism (Chrono Boost)  
  55  8:20  Pylon  
  55  8:25  Pylon  
  48  8:34  Pylon  
  48  8:36  Mothership Core (Chrono Boost), Probe (Chrono Boost)  
  48  8:37  Adept x2  
  54  8:43  Pylon  
  54  8:45  Adept  
  56  8:52  Adept x2  
  60  9:02  Immortal (Chrono Boost)  
  64  9:04  Adept  
  66  9:14  Sentry  
  68  9:24  Probe  
  65  9:27  Adept, Forge  
  67  9:33  Dark Templar  
  67  9:34  Dark Templar  
  68  9:43  Dark Templar  
  68  9:47  Dark Templar  
  68  9:48  Zealot  
  60  10:02  Mothership Core  
  54  10:12  Stalker x3  
  56  10:16  Probe  
  52  10:23  Probe  
  52  10:26  Stalker  
  52  10:27  Immortal (Chrono Boost)  
  57  10:30  Probe, Pylon  
  57  10:31  Pylon  
  57  10:33  Gateway, Adept  
  57  10:35  Gateway  
  51  10:41  Adept x2  
  41  10:58  Probe  
  41  10:59  Adept x2  
Tags
 
Add a new tag
Caveats
  • Supply blocks, unpowered buildings, or Contaminate may cause inaccurate times.
  • Supply counts are checked every 10 seconds.